 Dungeon Crawl Stone Soup version 0.29-a0-845-g6161e89988 (webtiles) character file.

Game seed: 3910996369816599206

52 omnesmortales the Digger (level 3, -6/20 HPs)
             Began as a Gargoyle Earth Elementalist on July 15, 2022.
             Mangled by a gnoll
             ... wielding a +0 halberd
              (12 damage)
             ... on level 2 of the Dungeon.
             The game lasted 00:17:19 (1785 turns).

omnesmortales the Digger (GrEE)                     Turns: 1785, Time: 00:17:19

Health: -6/20      AC:  7    Str: 11    XL:     3   Next: 85%
Magic:  6/7        EV: 12    Int: 17    God:
Gold:   25         SH:  0    Dex: 10    Spells: 3/7 levels left

rFire   + . .      SeeInvis +   e - staff of fire
rCold   . . .      Faith    .   (no shield)
rNeg    + . .      Spirit   .   a - +0 robe
rPois   ∞          Reflect  .   o - +2 hat
rElec   +          Harm     .   (no cloak)
rCorr   .          Rampage  .   (no gloves)
Will    .....                   (no boots)
Stlth   ++........              (no amulet)
HPRegen 0.06/turn               d - ring of see invisible
MPRegen 0.10/turn               (no ring)

@: no status effects
A: sickness immunity, AC +3, negative energy resistance 1, electricity
resistance, torment resistance 1, petrification resistance
a: no special abilities


You were on level 2 of the Dungeon.
You visited 1 branch of the dungeon, and saw 2 of its levels.

You collected 25 gold pieces.

Inventory:

Hand Weapons
 c - a +0 whip
Missiles
 g - 5 stones
Armour
 a - a +0 robe (worn)
 o - a +2 hat (worn)
Magical Staves
 e - a staff of fire (weapon)
 n - a staff of death
Jewellery
 d - a ring of see invisible (left hand)
Scrolls
 f - 2 scrolls of identify {unknown}
 h - a scroll of torment {unknown}
Potions
 b - a potion of magic
 i - a potion of resistance {unknown}
 j - a potion of curing {unknown}
 k - a potion of berserk rage {unknown}
 l - 2 potions of heal wounds {unknown}
 m - a potion of brilliance {unknown}


   Skills:
 + Level 1.0 Fighting
 + Level 0.8 Staves
 + Level 1.8 Dodging
 + Level 2.5 Stealth
 + Level 2.7 Spellcasting
 + Level 1.0 Transmutations
 + Level 3.9 Earth Magic


You had 3 spell levels left.
You knew the following spells:

 Your Spells              Type           Power      Damage    Failure   Level
a - Sandblast             Erth           30%        2d9       3%          1
b - Stone Arrow           Conj/Erth      18%        3d8       24%         3

Your spell library contained the following spells:

 Spells                   Type           Power      Damage    Failure   Level
 Passwall                 Tmut/Erth      8%         N/A       10%         2
 Slow                     Hex            8%         N/A       19%         1
 Confusing Touch          Hex            2%         N/A       47%         3
 Vampiric Draining        Necr           2%         2d6       47%         3
 Petrify                  Tmut/Erth      10%        N/A       54%         4


Dungeon Overview and Level Annotations

Branches:
Dungeon (2/15)

Altars:


Innate Abilities, Weirdness & Mutations

You are immune to sickness and miasma.
Your stone body is resilient. (AC +3)
You are immune to poison.
You resist negative energy. (rN+)
You are resistant to electric shocks. (rElec)
You are resistant to unholy torment.
You are immune to petrification.


Message History

Casting: Sandblast (safe; 3% risk of failure)
Confirm with . or Enter, or press ? or * to list all spells.
The spell is extremely dangerous to miscast (24% risk of failure)!
Continue anyway?
Okay, then.
Casting: Stone Arrow (extremely dangerous; 24% risk of failure)
Confirm with . or Enter, or press ? or * to list all spells.
Aiming: Sandblast (safe; 3% risk of failure)
Press: ? - help, Shift-Dir - straight line, f - gnoll
Aim: a gnoll, wielding a +0 whip (82% to hit)
The blast of sand hits the gnoll.
The gnoll is heavily wounded.
A gnoll comes into view. It is wielding a +0 halberd.
Casting: Sandblast (safe; 3% risk of failure)
Confirm with . or Enter, or press ? or * to list all spells.
Aiming: Sandblast (safe; 3% risk of failure)
Press: ? - help, Shift-Dir - straight line, f - gnoll
Aim: a gnoll, wielding a +0 spear (82% to hit)
The blast of sand misses the gnoll.
The adder closely misses you.
You hit the adder.
The adder is moderately wounded.
The gnoll barely misses you. The adder bites you.
A ball python comes into view.
You completely miss the adder.
The adder is moderately wounded.
The adder bites you but does no damage.
The gnoll hits you from afar with a +0 spear!
The adder bites you.
The ball python hisses angrily.
You hit the adder but do no damage.
The adder is moderately wounded.
The adder bites you but does no damage. The gnoll barely misses you.
The adder bites you. The gnoll misses you. The adder barely misses you.
The gnoll barely misses you. The gnoll closely misses you.
The adder attacks as you move away! The adder bites you but does no damage.
The adder bites you.
* * * LOW HITPOINT WARNING * * *
The gnoll hits you from afar with a +0 halberd!
Ouch! That really hurt!
You die...

#####.##.#.. ..#
.........#.# #.#
.####.####.# #.#
#.####.# #.#
#...##.######.#
###.##.#...##.#
#.##.#.#.##.#
.###.##.##...#....#
...........#####@.#
........##...#.S.##
#.##.#######.#g###
#.


#Kgg# . ##S## . ..# .. ##.. ...# #. You could see 3 gnolls, an adder, a ball
python and a kobold.

Vanquished Creatures
  2 adders (D:2)
  A dart slug (D:1)
  3 ball pythons
  2 endoplasms (D:1)
  2 giant cockroaches (D:1)
  4 goblins (D:1)
  A hobgoblin (D:1)
  2 jackals (D:1)
  2 kobolds (D:1)
  3 quokkas (D:1)
  3 bats (D:1)
  4 rats
29 creatures vanquished.

Notes
Turn   | Place    | Note
-------+----------+-------------------------------------------
     0 | D:1      | omnesmortales the Gargoyle Earth Elementalist began the
                  | quest for the Orb.
     0 | D:1      | Reached XP level 1. HP: 10/10 MP: 3/3
   448 | D:1      | Reached XP level 2. HP: 15/15 MP: 3/5
   581 | D:1      | Found a faded altar of an unknown god.
   606 | D:1      | Reached skill level 1 in Transmutations
   995 | D:1      | Reached XP level 3. HP: 20/20 MP: 4/6
  1488 | D:1      | Reached skill level 1 in Fighting
  1775 | D:2      | Learned a level 3 spell: Stone Arrow
  1785 | D:2      | Mangled by a gnoll

Illustrated notes

Levels and vault maps discovered:
D:1:      giann_wishing_wells, layout_basic,
          shapermc_ecumenical_altar_notcrosses
D:2:      cheibrodos_greedy_goblins, layout_loops_ring, chequers_garden,
          minmay_octomino_e4

Skill      XL: |  1  2  3 |
---------------+----------+-----
Transmutations | 1 |  1.0
Fighting       | 1 |  1.0
Staves         | |  0.8
Dodging        | |  1.8
Stealth        | |  2.5
Spellcasting   | |  2.7
Earth Magic    | |  3.9

Action                   || total
-------------------------++-------
Melee: Staff             ||    15
 Cast: Sandblast         ||    35
Armor: Robe              ||     8
Dodge: Dodged            ||    20

Table legend: (Time is in decaauts)
 A = Elapsed time spent in this place.
 B = Non-inter-level travel time spent in this place.
 C = Inter-level travel time spent in this place.
 D = Time resting spent in this place.
 E = Time spent auto-exploring this place.
 F = Levels seen in this place.
 G = Mean time per level.
                   A        B        C        D        E       F      G
               +--------+--------+--------+--------+--------+-----+--------+
         Total |   1823 |   1823 |      0 |    566 |    601 |   2 |  911.5 |
       Dungeon |   1823 |   1823 |      0 |    566 |    601 |   2 |  911.5 |
               +--------+--------+--------+--------+--------+-----+--------+

Top non-repeatable levels by time:
     D:1: 1676 daAuts
     D:2: 146 daAuts
